 Dungeon Crawl Stone Soup version 0.25.1-11-g244df3a29b (webtiles) character file.

Game seed: 12467056729151690448

2541 DeepDeath the Basher (level 9, 0/54 HPs)
             Began as a Gargoyle Abyssal Knight on Jan 20, 2024.
             Was a High Priest of Lugonu.
             Slain by a two-headed ogre
             ... wielding a +0 giant club
              (20 damage)
             ... on level 8 of the Dungeon.
             The game lasted 00:17:36 (6194 turns).

DeepDeath the Basher (Gargoyle Abyssal Knight)      Turns: 6194, Time: 00:17:36

Health: 0/54       AC: 12    Str: 26    XL:     9   Next: 55%
Magic:  12/12      EV: 12    Int: 12    God:    Lugonu [*****.]
Gold:   243        SH:  0    Dex:  9    Spells: 8/8 levels left

rFire    . . .     SeeInvis .   w - +3 flail (vorpal)
rCold    + . .     Gourm    .   (no shield)
rNeg     + + .     Faith    .   y - +1 leather armour {rC+}
rPois    ∞         Spirit   .   l - +0 helmet
rElec    +         Reflect  .   (no cloak)
rCorr    .         Harm     .   (no gloves)
MR       .....                  (no boots)
Stlth    +.........             (no amulet)
HPRegen  0.18/turn              p - ring of positive energy
MPRegen  0.13/turn              f - +6 ring of strength

@: no status effects
A: negative energy resistance 1, electricity resistance, unbreathing,
petrification resistance, rot immunity, AC +6
a: Depart the Abyss, Bend Space, Banish, Corrupt, Enter the Abyss, Renounce
Religion


You were on level 8 of the Dungeon.
You worshipped Lugonu.
Lugonu was extremely pleased with you.
You were hungry.

You visited 1 branch of the dungeon, and saw 8 of its levels.
You visited the Abyss 1 time.

You collected 243 gold pieces.

Inventory:

Hand Weapons
 d - a +1 mace of holy wrath
 s - a +1 mace of venom
 t - a +2 flail of protection
 w - a +3 vorpal flail (weapon)
Missiles
 h - 91 stones (quivered)
 j - 48 sling bullets
 k - 90 bolts
 C - 58 arrows
 D - 7 boomerangs
 E - 8 poisoned darts
Armour
 l - a +0 helmet (worn)
 n - the +5 scale mail of Togedain {-Tele rC+ Str+5 Dex+3}
   (You found it on level 6 of the Dungeon)

   It affects your strength (+5).
   It affects your dexterity (+3).
   It protects you from cold.
   It prevents most forms of teleportation.
 u - a +0 leather armour of positive energy
 y - a +1 leather armour of cold resistance (worn)
Jewellery
 f - a +6 ring of strength (right hand)
 p - a ring of positive energy (left hand)
 v - an uncursed ring of flight
Wands
 r - a wand of paralysis (12)
 A - a wand of flame (24)
 H - a wand of iceblast (8)
 I - a wand of polymorph (4)
Scrolls
 g - 2 scrolls of blinking
 i - 3 scrolls of remove curse
 m - 4 scrolls of teleportation
 G - a scroll of enchant armour
Potions
 a - a potion of curing
 e - a potion of cancellation
 o - a potion of flight
 q - a potion of mutation
 x - a potion of magic {unknown}
 z - a potion of heal wounds
 B - 2 potions of lignification
Comestibles
 c - 13 rations


   Skills:
 + Level 5.6 Fighting
 * Level 10.0 Maces & Flails
 - Level 2.0 Throwing
 - Level 4.0 Armour
 - Level 2.0 Dodging
 - Level 1.0 Stealth
 + Level 4.9 Invocations
 - Level 2.0 Evocations


You had 8 spell levels left.
You didn't know any spells.
Your spell library contained the following spells:

 Spells                   Type           Power        Failure   Level  Hunger
 Infusion                 Chrm           #...         36%         1    ##.....
 Magic Dart               Conj           #...         36%         1    ##.....
 Blink                    Tloc           N/A          50%         2    ###....
 Call Imp                 Summ           #.......     50%         2    ###....
 Shroud of Golubria       Chrm/Tloc      #.....       50%         2    ###....
 Slow                     Hex            #.......     50%         2    ###....
 Song of Slaying          Chrm           #.......     50%         2    ###....
 Conjure Flame            Conj/Fire      #.......     73%         3    ####...
 Mephitic Cloud           Conj/Pois/Air  #.......     73%         3    ####...
 Ozocubu's Armour         Chrm/Ice       #.......     73%         3    ####...
 Spectral Weapon          Hex/Chrm       #.......     73%         3    ####...


Dungeon Overview and Level Annotations

Branches:
Dungeon (8/15)             Temple (0/1) D:6
   Lair: D:8-11

Altars:
Ashenzari
Dithmenos
Gozag
Hepliaklqana
Makhleb
Qazlal
Trog
Uskayaw
Vehumet
Xom

Shops:
D:6 (

Annotations:
D:7 1 runed translucent door, DeepDeath's ghost, novice DDBe
D:8 Joseph


Innate Abilities, Weirdness & Mutations

You are resistant to torment.
Your stone body is resilient. (AC +6)
You are immune to poison.
You resist negative energy. (rN+)
You are resistant to electric shocks. (rElec)
You can survive without breathing.
You are immune to petrification.
You are immune to rotting.


Message History

You start resting.
HP restored.
You start resting.
All of the chunks of flesh in your inventory have rotted away.
You are feeling hungry.
Unknown command.
As you read the scroll of identify, it crumbles to dust.
z - a potion of heal wounds Unknown command.
HP restored.
You climb downwards.
Level annotation: Joseph A two-headed ogre and a phantom come into view.
The two-headed ogre shouts in stereo!
The phantom closely misses you.
The two-headed ogre hits you with a +0 giant club! x2
The phantom hits you!
The phantom blinks!
There is a stone staircase leading up here.
The two-headed ogre hits you with a +0 giant club!!
You die...

..............# .
.......#.#...#....
......#........#
#.............### .
#........##.....##
..###.......#.......#
........)...........##
..........O..........##
.........@............#
##................##..#
#.........#...o>.....#
#....#...W............#
..####........Y.....###
#. #..............#
.@..........##..#
.>............##.# ..
@...%.............#


You could see Joseph, a two-headed ogre, a phantom, an orc warrior and a sky
beast.

Vanquished Creatures
  A wyvern (D:7)
  Menkaure (D:6)
  Duvessa (D:6)
  A black bear (D:6)
  2 ogres
  2 centaurs
  4 bullfrogs (D:7)
  Dowan (D:6)
  4 scorpions
  9 wights
  A crimson imp (D:7)
  A quasit (D:6)
  3 jellies
  3 orc wizards
  An orc priest (D:5)
  4 hounds
  2 bullfrog skeletons
  A centaur skeleton (D:4)
  An iguana (D:4)
  3 worker ants
  2 worker ant zombies
  Robin (D:2)
  7 adders
  3 gnolls (D:6)
  A howler monkey skeleton (D:6)
  3 oozes
  2 adder zombies
  An adder skeleton (D:8)
  3 worms
  3 dart slugs
  5 leopard geckos
  22 orcs
  5 ball pythons
  6 bats
  9 giant cockroaches
  14 hobgoblins
  8 jackals
  4 quokkas
  13 frilled lizards
  13 goblins
  4 kobolds
  A leopard gecko skeleton (D:6)
  8 rats
184 creatures vanquished.

Notes
Turn   | Place    | Note
-------+----------+-------------------------------------------
     0 | Abyss:1  | DeepDeath the Gargoyle Abyssal Knight began the quest for
                  | the Orb.
     0 | Abyss:1  | Reached XP level 1. HP: 14/14 MP: 2/2
    54 | Abyss:1  | Noticed an ancient zyme
    71 | D:1      | Escaped the Abyss
   360 | D:1      | Reached XP level 2. HP: 19/19 MP: 3/3
   395 | D:1      | Reached skill level 3 in Maces & Flails
   463 | D:1      | Reached ** piety under Lugonu
   514 | D:1      | Reached XP level 3. HP: 22/23 MP: 4/4
  1039 | D:2      | Reached skill level 4 in Maces & Flails
  1077 | D:2      | Reached XP level 4. HP: 25/28 MP: 5/5
  1253 | D:2      | Noticed Robin
  1269 | D:2      | Reached *** piety under Lugonu
  1274 | D:2      | Killed Robin
  1562 | D:2      | Reached skill level 5 in Maces & Flails
  1562 | D:2      | Reached XP level 5. HP: 22/32 MP: 6/6
  1977 | D:3      | Found an opulent altar of Gozag.
  2355 | D:4      | Reached skill level 1 in Dodging
  2373 | D:4      | Reached XP level 6. HP: 36/37 MP: 7/7
  2510 | D:4      | Reached skill level 6 in Maces & Flails
  2510 | D:4      | Reached skill level 1 in Stealth
  2606 | D:4      | Reached **** piety under Lugonu
  2828 | D:4      | Found a shattered altar of Ashenzari.
  2830 | D:4      | Found a stormy altar of Qazlal.
  2830 | D:4      | Found a snail-covered altar of Cheibriados.
  2832 | D:4      | Found a shattered altar of Ashenzari.
  2832 | D:4      | Found a shattered altar of Ashenzari.
  2832 | D:4      | Found a shimmering altar of Xom.
  2956 | D:5      | Entered Level 5 of the Dungeon
  3009 | D:5      | Reached skill level 7 in Maces & Flails
  3009 | D:5      | Reached XP level 7. HP: 28/41 MP: 8/8
  3647 | D:5      | Found a hide-covered altar of Uskayaw.
  3653 | D:5      | Reached skill level 8 in Maces & Flails
  3861 | D:6      | Reached XP level 8. HP: 27/46 MP: 9/9
  4006 | D:6      | Got a polished scale mail
  4056 | D:6      | Reached skill level 1 in Throwing
  4056 | D:6      | Reached skill level 1 in Evocations
  4146 | D:6      | Found Otisuzos's Weapon Emporium.
  4246 | D:6      | Found a staircase to the Ecumenical Temple.
  4267 | D:6      | Found a hazy altar of Hepliaklqana.
  4270 | D:6      | Found a bloodstained altar of Trog.
  4272 | D:6      | Found a shattered altar of Ashenzari.
  4379 | D:6      | Noticed Menkaure
  4385 | D:6      | Killed Menkaure
  4719 | D:6      | Noticed Dowan
  4721 | D:6      | Reached ***** piety under Lugonu
  4721 | D:6      | Noticed Duvessa
  4739 | D:6      | Killed Duvessa
  4743 | D:6      | Killed Dowan
  4868 | D:6      | Identified the +5 scale mail of Togedain {-Tele rC+ Str+5
                  | Dex+3} (You found it on level 6 of the Dungeon)
  4938 | D:7      | Reached skill level 9 in Maces & Flails
  4951 | D:7      | Reached XP level 9. HP: 42/52 MP: 11/11
  5135 | D:7      | Found a runed translucent door.
  5135 | D:7      | Noticed DeepDeath's ghost (novice DDBe)
  5135 | D:7      | Noticed an eight-headed hydra
  5563 | D:7      | Found a burning altar of Makhleb.
  5569 | D:7      | Reached skill level 5 in Fighting
  5695 | D:7      | Found a radiant altar of Vehumet.
  5696 | D:7      | Found a shadowy altar of Dithmenos.
  5920 | D:8      | Reached skill level 10 in Maces & Flails
  5922 | D:8      | Noticed Joseph
  6193 | D:8      | Noticed a two-headed ogre
  6194 | D:8      | Slain by a two-headed ogre

Illustrated notes

Levels and vault maps discovered:
D:1:      psy_arrival_spokes, layout_loops_ring, minmay_lizard_king
D:2:      layout_rooms, uniq_robin
D:3:      layout_basic, lemuel_doored_altar
D:4:      layout_loops_cross, doesnt_xom_only_xom
D:5:      layout_rooms, lemuel_coloured_pillars_altar, first_ration,
          hangedman_abyss_or_decor_stagger
D:6:      layout_cave_pods, grunt_temple_overflow_open, temple_pool_b,
          serial_shops, shop, uniq_duvessa, uniq_menkaure
D:7:      layout_loops_ring, kennysheep_little_box,
          nicolae_overflow_hidden_temple, ebering_ghost_inner_flame
D:8:      layout_cave_pools, serial_shops, nicolae_shop_crystal, uniq_joseph

Skill      XL: |  1  2  3  4  5  6  7  8  9 |
---------------+----------------------------+-----
Maces & Flails | 3 4 5 7 8 9 10 | 10.0
Dodging        | 1 2 |  2.0
Stealth        | 1 |  1.0
Armour         | 4 |  4.0
Throwing       | 2 |  2.0
Evocations     | 2 |  2.0
Fighting       | 4 5 |  5.6
Invocations    | 3 4 |  4.9

Action                   |  1- 3 |  4- 6 |  7- 9 || total
-------------------------+-------+-------+-------++-------
Melee: Mace              |   128 |   164 |    17 ||   309
       Flail             |       |    16 |   247 ||   263
Throw: Stone             |       |       |     1 ||     1
  Use: Scroll            |     5 |     8 |     8 ||    21
       Potion            |       |     1 |     2 ||     3
  Eat: Chunk             |     1 |     6 |    10 ||    17
Armor: Leather armour    |    54 |    73 |   115 ||   242
       Scale mail        |       |     2 |    28 ||    30
Dodge: Dodged            |    90 |    87 |   181 ||   358
